 Dungeon Crawl Stone Soup version 0.31-a0-806-g0bc164a743 (webtiles) character file.

Game seed: 4872837841309099205

3 GordonOverkill the Sneak (level 1, 0/13 HPs)
             Began as a Deep Elf Delver on Sept 21, 2023.
             Slain by a quokka (3 damage)
             ... on level 4 of the Dungeon.
             The game lasted 00:02:03 (270 turns).

GordonOverkill the Sneak (Deep Elf Delver)           Turns: 270, Time: 00:02:04

Health: 0/13       AC:  3    Str:  9    XL:     1   Next: 41%
Magic:  3/3        EV: 12    Int: 14    God:
Gold:   30         SH:  0    Dex: 16    Spells: 0/0 levels left

rFire   . . .        h - +0 sling
rCold   . . .        (no shield)
rNeg    . . .        b - +0 leather armour
rPois   .            (no helmet)
rElec   .            (no cloak)
rCorr   .            (no gloves)
SInv    .            (no boots)
Will    .....        (no amulet)
Stlth   +++          (no ring)
HPRegen 0.22/turn    (no ring)
MPRegen 0.08/turn

%: no passive effects
@: no status effects
A: no striking features
a: no special abilities


You were on level 4 of the Dungeon.
You visited 1 branch of the dungeon, and saw 3 of its levels.

You collected 30 gold pieces.

Inventory:

Hand Weapons
 a - a +0 short sword
 h - a +0 sling (weapon)
Armour
 b - a +0 leather armour (worn)
Wands
 g - a wand of digging (1)
Scrolls
 c - a scroll of fog


   Skills:
 - Level 2.4 Fighting
 - Level 2.0 Short Blades
 + Level 1.3 Ranged Weapons
 - Level 2.4 Dodging
 - Level 6.0 Stealth


You couldn't memorise any spells.
You didn't know any spells.
Your spell library was empty.

Dungeon Overview and Level Annotations

Branches:
Dungeon (6/15)
 Temple: D:4-7

Altars:

Annotations:
D:5 exclusion: centaur


Message History

* * * LOW HITPOINT WARNING * * *
The quokka closely misses you.
Fire: h) +0 sling
Press: ? - help, Q - select action Shift-Dir - straight line, f/p - quokka
Aim: a quokka (severely wounded, 46% to hit)
You shoot a sling bullet. The sling bullet misses the quokka.
The quokka bites you but does no damage.
The quokka bites you.
* * * LOW HITPOINT WARNING * * *
Fire: h) +0 sling
Press: ? - help, Q - select action Shift-Dir - straight line, f/p - quokka
Aim: a quokka (severely wounded, 46% to hit)
You shoot a sling bullet.
The sling bullet closely misses the quokka.
The quokka bites you but does no damage.
Fire: h) +0 sling
Press: ? - help, Q - select action Shift-Dir - straight line, f/p - quokka
Aim: a quokka (severely wounded, 46% to hit)
You shoot a sling bullet.
The sling bullet closely misses the quokka.
The quokka misses you. The quokka bites you.
* * * LOW HITPOINT WARNING * * *
Fire: h) +0 sling
Press: ? - help, Q - select action Shift-Dir - straight line, f/p - quokka
Aim: a quokka (severely wounded, 46% to hit)
You shoot a sling bullet. The sling bullet misses the quokka.
The quokka barely misses you.
Fire: h) +0 sling
Press: ? - help, Q - select action Shift-Dir - straight line, f/p - quokka
Aim: a quokka (severely wounded, 46% to hit)
You shoot a sling bullet. The sling bullet hits the quokka.
The quokka is almost dead.
The quokka closely misses you. The quokka barely misses you.
Fire: h) +0 sling
Press: ? - help, Q - select action Shift-Dir - straight line, f/p - quokka
Aim: a quokka (almost dead, 46% to hit)
You shoot a sling bullet.
The sling bullet closely misses the quokka.
The quokka closely misses you. The quokka bites you.
You die...

#######
######.....#
#....# ....#
#....# ...#
#...)# ..###
#....#####...#
#.....#.....#
#.....'....r#
#.>...#....@#
#.....#.....#
#....##....##
#....###+###
#....# #....#
#....# #....#


You could see a quokka.

Vanquished Creatures
  An orc (D:5)
  A giant cockroach (D:4)
2 creatures vanquished.

Notes
Turn   | Place    | Note
-------+----------+-------------------------------------------
     0 | D:5      | GordonOverkill the Deep Elf Delver began the quest for the
                  | Orb.
     0 | D:5      | Reached XP level 1. HP: 13/13 MP: 3/3
   103 | D:5      | Noticed a centaur
   168 | D:5      | Reached skill level 1 in Ranged Weapons
   169 | D:5      | Noticed an iguana
   195 | D:5      | Noticed a jelly
   270 | D:4      | Slain by a quokka

Illustrated notes

Levels and vault maps discovered:
D:4:      layout_gridville, minmay_temple_entry_offerings
D:5:      layout_layer_cave
D:6:      layout_basic, minivault_14, uniq_pikel

Skill      XL: |  1 |
---------------+----+-----
Ranged Weapons | 1 |  1.3
Fighting       | |  2.4
Short Blades   | |  2.0
Dodging        | |  2.4
Stealth        | |  6.0

Action                     || total
---------------------------++-------
   Fire: Sling             ||    29
  Evoke: Wand              ||     2
    Use: Scroll            ||     2
         Potion            ||     1
 Armour: Leather armour    ||    13
  Dodge: Dodged            ||    13

Table legend: (Time is in decaauts)
 A = Elapsed time spent in this place.
 B = Non-inter-level travel time spent in this place.
 C = Inter-level travel time spent in this place.
 D = Time resting spent in this place.
 E = Time spent auto-exploring this place.
 F = Levels seen in this place.
 G = Mean time per level.
                   A        B        C        D        E       F      G
               +--------+--------+--------+--------+--------+-----+--------+
         Total |    262 |    231 |     31 |      5 |      0 |   3 |   87.3 |
       Dungeon |    262 |    231 |     31 |      5 |      0 |   3 |   87.3 |
               +--------+--------+--------+--------+--------+-----+--------+

Top non-repeatable levels by time:
     D:5: 170 daAuts
     D:4: 45 daAuts
     D:6: 45 daAuts
